 Dungeon Crawl Stone Soup version 0.31.0-1-g2c135a008e (webtiles) character file.

Game seed: 9444856667602783703

60 qw the Shooter (level 4, -1/33 HPs)
             Began as a Djinni Hunter on Jan 23, 2024.
             Slain by an orc
             ... wielding a +0 trident
              (6 damage)
             ... on level 3 of the Dungeon.
             The game lasted 00:00:04 (1167 turns).

qw the Shooter (Djinni Hunter)                      Turns: 1167, Time: 00:00:05

Health: -1/33      AC:  7    Str:  8 (10) XL:     4   Next: 24%
Gold:   129        EV: 10    Int: 10 (11) God:
                   SH:  0    Dex: 16 (18)

rFire   + + .        a - +0 shortbow
rCold   x . .        (shield currently unavailable)
rNeg    . . .        f - +0 ring mail
rPois   inf          (no helmet)
rElec   .            j - +1 cloak
rCorr   .            (no gloves)
SInv    .            (boots unavailable)
Will    +....        (no amulet)
Stlth   +            k - ring of willpower
HPRegen 0.25/turn    (no ring)
MPRegen 0.00/turn

%: infuse magic (-2 HP)
@: about to teleport, flying
A: sickness immunity, fire resistance 2, cold vulnerability 1, float, innate
caster, HP casting, extra vitality 1
a: no special abilities


You were on level 3 of the Dungeon.
You visited 1 branch of the dungeon, and saw 3 of its levels.

You collected 129 gold pieces.


Innate Abilities, Weirdness & Mutations

You are immune to sickness and miasma.
You are immune to poison.
Your flesh is very heat resistant. (rF++)
You are vulnerable to cold. (rC-)
You float through the air rather than walking.
You learn spells naturally, not from books.
Your magical power is your life essence.
You have superior vitality. (+4 MHP)


   Skills:
 + Level 2.2 Fighting
 - Level 4.0 Ranged Weapons
 - Level 2.0 Armour
 - Level 2.1 Dodging
 - Level 0.7 Stealth


You knew the following spells:

 Your Spells              Type           Power      Damage    Failure   Level
a - Freeze                Ice            0%         1d3       75%         1
Your spell library was empty.

Inventory:

Hand Weapons
 a - a +0 shortbow (weapon)
Armour
 f - a +0 ring mail (worn)
 j - a +1 cloak (worn)
Jewellery
 k - a ring of willpower (left hand)
Potions
 d - a potion of brilliance {unknown}
 e - a potion of enlightenment {unknown}
 h - a potion of might {unknown}

Dungeon Overview and Level Annotations

Branches:
Dungeon (3/15)

Altars:


Message History

You shoot an arrow. The arrow hits the orc.
The orc is moderately wounded.
The orc hits you but does no damage. x2
You shoot an arrow.
The arrow hits the orc but does no damage.
The orc is moderately wounded.
The orc misses you. The orc closely misses you.
You shoot an arrow. The arrow hits the orc.
The orc is heavily wounded.
The orc hits you but does no damage.
The orc hits you from afar with a +0 trident.
The orc barely misses you.
The orc hits you from afar with a +0 trident.
You shoot an arrow. The arrow barely misses the orc.
The orc barely misses you.
The orc hits you from afar with a +0 trident.
You shoot an arrow. The arrow barely misses the orc.
The orc hits you with a +0 falchion. The orc hits you but does no damage.
The orc hits you with a +0 falchion. The orc closely misses you.
You shoot an arrow. The arrow closely misses the orc.
The orc barely misses you. x2
You shoot an arrow.
The arrow hits the orc but does no damage.
The orc is heavily wounded.
The orc barely misses you.
The orc hits you from afar with a +0 trident.
You shoot an arrow. The arrow barely misses the orc.
The orc closely misses you. The orc barely misses you.
The orc hits you from afar with a +0 trident.
The orc hits you with a +0 falchion.
1166 ||| READING scroll of teleportation.
As you read the scroll of teleportation, it crumbles to dust.
You feel strangely unstable. The orc completely misses you.
The orc hits you from afar with a +0 trident.
You shoot an arrow. The arrow hits the orc!
You kill the orc!
The bat completely misses you. The bat misses you.
The orc hits you from afar with a +0 trident.
You die...

###.####...######.#######
...........+............<
###.###....####.#.####.##
#...).)..<....... #
#.#+#.#.#.#..###. ?.#+#
#.#.#.#..# .....
#.#.#.#).#
..)...#...#.#..#
.....o.@###.#..#
........b......
..(.....#......
............... .####...#
..... ##### ..... ....
....


You could see an orc and a bat.

Vanquished Creatures
  An orc priest (D:3)
  A dart slug (D:2)
  3 orcs (D:3)
  4 ball pythons
  4 bats
  3 endoplasms
  2 goblins
  A hobgoblin (D:1)
  3 quokkas (D:2)
  A rat (D:2)
23 creatures vanquished.

Notes
Turn   | Place    | Note
-------+----------+-------------------------------------------
     0 | D:1      | qw the Djinni Hunter began the quest for the Orb.
     0 | D:1      | Reached XP level 1. HP: 18/18 MP: 0/0
     0 | D:1      | 0 ||| qw: Version: 0.3-a-136-gdd3b4e8
     0 | D:1      | 0 ||| qw: Game counter: 1116
     0 | D:1      | 0 ||| qw: Melee chars always use a shield: true
     0 | D:1      | 0 ||| qw: God list: Okawaru
     0 | D:1      | 0 ||| qw: Allow faded altars: false
     0 | D:1      | 0 ||| qw: Do Orc after clearing Dungeon:15 true
     0 | D:1      | 0 ||| qw: Do second Lair branch before Depths: true
     0 | D:1      | 0 ||| qw: Lair rune preference: random
     0 | D:1      | 0 ||| qw: Goals: Normal
     0 | D:1      | 0 ||| PLANNING D:1-11
   101 | D:1      | Reached XP level 2. HP: 23/23 MP: 0/0
   434 | D:1      | 434 ||| UPGRADING to +1 cloak.
   439 | D:1      | 439 ||| UPGRADING to ring of willpower.
   440 | D:1      | 440 ||| READING scroll labelled ILOARA OCOESIB.
   541 | D:1      | 541 ||| READING scroll labelled IZASKU FESK.
   542 | D:1      | 542 ||| READING scroll labelled RUJOBR ZIAKH.
   543 | D:1      | 543 ||| READING scroll labelled VUZEXEAGAA.
   548 | D:1      | 548 ||| READING scroll labelled PINAB JYOGOSU.
   549 | D:1      | 549 ||| DROPPING scroll of butterflies.
   921 | D:2      | Reached XP level 3. HP: 28/28 MP: 0/0
   921 | D:2      | Learned a level 1 spell: Freeze
   930 | D:2      | Reached skill level 4 in Ranged Weapons
  1096 | D:2      | 1096 ||| UPGRADING to +0 ring mail.
  1106 | D:2      | 1106 ||| DROPPING +0 leather armour.
  1107 | D:2      | 1107 ||| READING scroll labelled AGILED WUEKHLIO.
  1108 | D:2      | 1108 ||| READING scroll labelled XISIBO LOREPE.
  1109 | D:2      | 1109 ||| DRINKING 2 smoky orange potions.
  1110 | D:2      | 1110 ||| DROPPING potion of degeneration.
  1147 | D:3      | Reached XP level 4. HP: 33/33 MP: 0/0
  1165 | D:3      | HP: 7/33 [orc/+0 falchion (2)]
  1166 | D:3      | 1166 ||| READING scroll of teleportation.
  1167 | D:3      | Slain by an orc

Levels and vault maps discovered:
D:1:      ebering_hopf_link, layout_rooms
D:2:      layout_basic
D:3:      layout_basic, minmay_misc_feat_encased

Skill      XL: |  1  2  3 |
---------------+----------+-----
Ranged Weapons | 4 |  4.0
Armour         | 2 |  2.0
Fighting       | |  2.2
Dodging        | |  2.1
Stealth        | |  0.7

Action                     |  1- 3 |  4- 6 || total
---------------------------+-------+-------++-------
   Fire: Shortbow          |    76 |    13 ||    89
    Use: Scroll            |     7 |     1 ||     8
         Potion            |     1 |       ||     1
 Armour: Leather armour    |    18 |       ||    18
         Ring mail         |       |    17 ||    17
  Dodge: Dodged            |    37 |    13 ||    50

Table legend:
 A = Non-vault XP
 B = Vault XP
 C = Vault XP percentage of total XP
 D = Non-vault monster count
 E = Vault monster count
 F = Vault count percentage of total count
                 A         B        C        D         E       F
            +---------+---------+-------+---------+---------+-------
      Total |      89 |       0 |   0.0 |      23 |       0 |   0.0
            +---------+---------+-------+---------+---------+-------
        D:1 |      11 |       0 |   0.0 |       6 |       0 |   0.0
        D:2 |      26 |       0 |   0.0 |      13 |       0 |   0.0
        D:3 |      52 |       0 |   0.0 |       4 |       0 |   0.0
            +---------+---------+-------+---------+---------+-------
